 Dungeon Crawl Stone Soup version 0.23.1 (webtiles) character file.

Game seed: 11473737990801859690

26 LostNumber the Sneak (level 2, -2/13 HPs)
             Began as a Spriggan Enchanter on Mar 3, 2019.
             Killed by nerve-wracking pain
             ... invoked by Jessica
              (12 damage)
             ... on level 2 of the Dungeon.
             The game lasted 00:02:09 (1619 turns).

LostNumber the Sneak (Spriggan Enchanter)           Turns: 1619, Time: 00:02:10

Health: -2/13      AC:  2    Str:  4    XL:     2   Next: 89%
Magic:  4/7        EV: 18    Int: 16    God:
Gold:   111        SH:  0    Dex: 16    Spells: 4/7 levels left

rFire    . . .     SeeInvis +   a - +1 dagger
rCold    . . .     Gourm    .   (shield restricted)
rNeg     . . .     Faith    .   b - +0 robe
rPois    .         Spirit   .   (helmet restricted)
rElec    .         Reflect  .   (no cloak)
rCorr    .         Harm     .   (gloves unavailable)
MR       .....                  (boots unavailable)
Stlth    +++.......             (no amulet)
HPRegen  0.04/turn              (no ring)
MPRegen  0.10/turn              (no ring)

@: very quick
A: very small, unfitting armour, see invisible, herbivore, speed 3, slow
metabolism 2
a: no special abilities


You were on level 2 of the Dungeon.
You were not hungry.

You visited 1 branch of the dungeon, and saw 2 of its levels.

You collected 111 gold pieces.

Inventory:

Hand Weapons
 a - a +1 dagger (weapon)
Armour
 b - a +0 robe (worn)
Scrolls
 g - a scroll of identify {unknown}
 h - a scroll of teleportation {unknown}
 j - a scroll of immolation {unknown}
 l - a scroll of magic mapping {unknown}
 n - a scroll of remove curse {unknown}
Potions
 c - a potion of curing {unknown}
 d - a potion of degeneration {unknown}
 f - 2 potions of magic {unknown}
 i - a potion of haste {unknown}
 k - 2 potions of resistance {unknown}
 m - a potion of heal wounds {unknown}
Comestibles
 e - 3 rations {!d}


   Skills:
 + Level 2.0 Short Blades
 - Level 3.0 Dodging
 + Level 5.1 Stealth
 + Level 3.3 Spellcasting
 - Level 3.6 Hexes


You had 4 spell levels left.
You knew the following spells:

 Your Spells              Type           Power        Failure   Level  Hunger
a - Corona                Hex            ##.....      4%          1    None
x - Ensorcelled Hibernat  Hex/Ice        #.....       13%         2    ##.....

Your spell library contained the following spells:

 Spells                   Type           Power        Failure   Level  Hunger
 Confuse                  Hex            ##......     12%         3    ###....
 Tukima's Dance           Hex            ##......     12%         3    ###....
 Dazzling Spray           Conj/Hex       #.....       26%         3    ###....


Dungeon Overview and Level Annotations

Branches:
Dungeon (2/15)

Altars:

Annotations:
D:2 Jessica


Innate Abilities, Weirdness & Mutations

You are very small and have problems with some larger weapons.
You are too small for most types of armour.
You have supernaturally acute eyesight. (SInv)
You are a herbivore.
You cover ground extremely quickly.
You need to consume almost no food.


Message History

You hit the giant cockroach.
You kill the giant cockroach!
No target in view!
No target in view!
Found an escape hatch in the floor.
There is a stone staircase leading down here.
Found a stone staircase leading up.
There is a stone staircase leading up here.
There is an escape hatch in the ceiling here.
Found a ration.
Found 13 gold pieces.
Found a hand axe.
You now have 106 gold pieces (gained 13).
e - 3 rations {!d} (gained 1)
Found 5 gold pieces.
You now have 111 gold pieces (gained 5).
There is an escape hatch in the ceiling here.
You open the door.
There is an open door here.
There is an open door here.
Jessica the Apprentice Sorceress comes into view.
She is wielding a +0 dagger.
Jessica shouts!
Aim: Jessica, wielding a +0 dagger and wearing a +0 robe (chance to defeat MR: 49%) Jessica looks drowsy...
Jessica misses you.
You closely miss Jessica. Jessica misses you.
You hit Jessica but do no damage. Jessica misses you.
You hit Jessica. Jessica misses you.
Aim: Jessica, wielding a +0 dagger and wearing a +0 robe (lightly wounded, chance to defeat MR: 60%) Jessica is outlined in light.
Jessica completely misses you.
You hit Jessica. Jessica hits you with a +0 dagger.
You hit Jessica but do no damage. You hit Jessica but do no damage.
Jessica hits you but does no damage.
You hit Jessica but do no damage. Jessica misses you.
You hit Jessica but do no damage.
Jessica casts a spell.
Jessica blinks!
You start resting.
Jessica is too close now for your liking.
That would be overly suicidal.
Okay, then.
Unknown command.
Aim: Jessica, wielding a +0 dagger and wearing a +0 robe (heavily wounded, chance to defeat MR: 60%) Jessica struggles to resist.
You hit Jessica but do no damage. Jessica barely misses you.
You hit Jessica.
Jessica points at you and mumbles some strange words.
Pain shoots through your body!
Ouch! That really hurt!
You die...

#.#...........
#.##....#....##
#.###....#@#.#
#########......#.....#
.......##.###....#.###
####...##.###...##.# ##
#.#..........##.#
.###'###..###...##.######
.#♣..♣♣######...@@......#
##..♣.♣#...........####.#
##.♣♣♣.######.#.####
.#♣.♣.♣# #.#.#####
######## #.......#
##.....# ##.........
)..###.# #...##.###
.......# ##### # ...#####


You could see Jessica.

Vanquished Creatures
  A dart slug (D:2)
  A leopard gecko (D:1)
  3 bats
  2 giant cockroaches
  3 goblins (D:1)
  2 hobgoblins
  4 kobolds (D:1)
  A quokka (D:2)
  2 rats
19 creatures vanquished.

Notes
Turn   | Place    | Note
-------+----------+-------------------------------------------
     0 | D:1      | LostNumber the Spriggan Enchanter began the quest for the
                  | Orb.
     0 | D:1      | Reached XP level 1. HP: 9/9 MP: 5/5
   584 | D:1      | Reached XP level 2. HP: 13/13 MP: 7/7
   606 | D:1      | Learned a level 2 spell: Ensorcelled Hibernation
  1249 | D:2      | Reached skill level 5 in Stealth
  1595 | D:2      | Noticed Jessica
  1619 | D:2      | Killed from afar by Jessica

Skill      XL: |  1  2 |
---------------+-------+-----
Spellcasting   | 3 |  3.3
Stealth        | 5 |  5.1
Short Blades   | 2 |  2.0
Dodging        | |  3.0
Hexes          | |  3.6

Action                   || total
-------------------------++-------
Melee: Dagger            ||    52
 Cast: Corona            ||     5
       Ensorcelled Hiber ||     4
 Stab: Sleeping          ||    12
Armor: Robe              ||     2
Dodge: Dodged            ||    40
